 Dungeon Crawl Stone Soup version 0.30-a0-393-g54b8e3b (webtiles) character file.

Game seed: 5350156799754727894

835 BarneyGumball the Grappler (level 7, -1/55 HPs)
             Began as a Ghoul Gladiator on Dec 5, 2022.
             Slain by a water moccasin (6 damage)
             ... on level 5 of the Dungeon.
             The game lasted 00:12:38 (4717 turns).

BarneyGumball the Grappler (Ghoul Gladiator)        Turns: 4717, Time: 00:12:39

Health: -1/55      AC: 11    Str: 20    XL:     7   Next: 98%
Magic:  6/6        EV:  7    Int:  3    God:
Gold:   176        SH:  3    Dex: 10    Spells: 6/6 levels left

rFire   . . .      SeeInvis .      - Unarmed
rCold   + . .      Faith    .    v - +0 buckler
rNeg    + + +      Spirit   .    o - +0 chain mail
rPois   ∞          Reflect  .    b - +0 helmet
rElec   .          Harm     .    x - +0 cloak
rCorr   .          Rampage  .    (no gloves)
Will    .....                    (no boots)
Stlth   ..........               (no amulet)
HPRegen 0.00/turn                (no ring)
MPRegen 0.10/turn                (no ring)

@: marked, inhibited regen
A: claws 1, cold resistance 1, negative energy resistance 3, inhibited
regeneration, torment resistance 2, devour on kill
a: no special abilities


You were on level 5 of the Dungeon.
You visited 1 branch of the dungeon, and saw 6 of its levels.

You collected 176 gold pieces.

Inventory:

Missiles
 d - 3 javelins
 g - a throwing net (quivered)
Armour
 b - a +0 helmet (worn)
 o - a +0 chain mail (worn)
 v - a +0 buckler (worn)
 x - a +0 cloak (worn)
Jewellery
 f - a ring of ice
Wands
 c - a wand of paralysis (22)
 r - a wand of iceblast (12)
Scrolls
 a - a scroll of immolation {unknown}
 h - a scroll of enchant weapon {unknown}
 i - 5 scrolls of teleportation
 j - a scroll of amnesia {unknown}
 k - 2 scrolls of butterflies
 l - 3 scrolls of fear {unknown}
 p - a scroll of poison {unknown}
 q - a scroll of silence {unknown}
 s - a scroll of magic mapping {unknown}
 t - a scroll of enchant armour {unknown}
 y - a scroll of vulnerability {unknown}
Potions
 e - a potion of attraction
 m - 3 potions of lignification
 n - 2 potions of curing
 u - a potion of brilliance
 w - a potion of flight


   Skills:
 - Level 2.1 Fighting
 - Level 1.7 Throwing
 + Level 4.1 Armour
 - Level 2.6 Dodging
 * Level 8.6 Unarmed Combat


You had 6 spell levels left.
You didn't know any spells.
Your spell library contained the following spells:

 Spells                   Type           Power      Damage    Failure   Level
 Freeze                   Ice            0%         1d3       100%        1
 Dazzling Flash           Conj/Hex       0%         N/A       100%        3
 Frozen Ramparts          Ice            0%         1d1       100%        3
 Hailstorm                Conj/Ice       0%         3d3       100%        3
 Agony                    Necr           0%         N/A       100%        5
 Silence                  Hex/Air        0%         N/A       100%        5


Dungeon Overview and Level Annotations

Branches:
Dungeon (6/15)
 Temple: D:4-7

Altars:
Nemelex Xobeh
Uskayaw

Annotations:
D:5 Edmund
D:6 Maggie


Innate Abilities, Weirdness & Mutations

You are immune to poison.
You have sharp fingernails.
Your flesh is cold resistant. (rC+)
You are immune to negative energy. (rN+++)
You do not regenerate when monsters are visible.
You are immune to unholy pain and torment.
You thrive by killing the living.


Message History

You barely miss the water moccasin.
The water moccasin is heavily wounded.
The water moccasin barely misses you.
You miss the water moccasin.
The water moccasin is heavily wounded.
The water moccasin completely misses you.
You block the water moccasin's attack.
You scratch the water moccasin but do no damage.
The water moccasin is heavily wounded.
The water moccasin barely misses you.
You closely miss the water moccasin.
The water moccasin is heavily wounded.
The water moccasin bites you.
Edmund hits you with a +5 dire flail of draining.
Your unliving flesh cannot be transformed in this way.
Aiming: Paralyse
Press: ? - help, Shift-Dir - straight line, f - Edmund
Aim: Edmund, wielding a +5 dire flail of draining and wearing a +1 leather armour of fire resistance (chance to affect: 49%) Edmund resists with some effort.
The water moccasin bites you but does no damage.
Edmund hits you with a +5 dire flail of draining!
The water moccasin bites you but does no damage.
Aiming: Paralyse
Press: ? - help, Shift-Dir - straight line, f/p - Edmund
Aim: Edmund, wielding a +5 dire flail of draining and wearing a +1 leather armour of fire resistance (chance to affect: 49%) Edmund resists with some effort.
The water moccasin bites you.
Edmund hits you with a +5 dire flail of draining!
* * * LOW HITPOINT WARNING * * *
Aiming: Paralyse
Press: ? - help, Shift-Dir - straight line, f/p - Edmund
Aim: Edmund, wielding a +5 dire flail of draining and wearing a +1 leather armour of fire resistance (chance to affect: 49%) Edmund resists with some effort.
The water moccasin completely misses you.
Edmund barely misses you. The water moccasin bites you.
* * * LOW HITPOINT WARNING * * *
You feel better.
Edmund hits you with a +5 dire flail of draining!
* * * LOW HITPOINT WARNING * * *
The water moccasin bites you.
You die...

###....#..#.# ##.....########.##
#.####..#.###..##..########..#
#.#.###........##........###.#
#...#####..#...####..#.#.###.#
###.....##...#..####.......#.##
#####..##..##.##...###.#.#...
##.....##...######...####
#..##.###[........#...(.
######..##.@@S##########.....
#####...#######...........###....
......#.........#########.###....
..############### #..........
#..##...........# ###........
.....############# ##....###.
#######........<.# ##.....# #.
......#.#######..######......# ##
#######.................#....# #.


You could see Edmund and a water moccasin.

Vanquished Creatures
  A black bear (D:5)
  Blork the orc (D:4)
  3 scorpions (D:5)
  A howler monkey (D:5)
  3 hounds
  A jelly (D:5)
  A gnoll bouda (D:5)
  Ijyb (D:2)
  An iguana (D:5)
  Natasha (D:3)
  An orc wizard (D:4)
  4 gnolls (D:5)
  6 adders
  A shadow imp (D:5)
  A white imp (D:6)
  An ufetubus (D:4)
  2 worms
  3 dart slugs
  16 orcs
  5 endoplasms
  3 giant cockroaches
  14 goblins
  3 hobgoblins
  9 kobolds
  A quokka (D:5)
  9 ball pythons
  3 bats
  2 frilled lizards (D:2)
  7 rats
105 creatures vanquished.

Notes
Turn   | Place    | Note
-------+----------+-------------------------------------------
     0 | D:1      | BarneyGumball the Ghoul Gladiator began the quest for the
                  | Orb.
     0 | D:1      | Reached XP level 1. HP: 17/17 MP: 0/0
   197 | D:1      | Reached XP level 2. HP: 20/24 MP: 1/1
   248 | D:1      | Reached skill level 4 in Unarmed Combat
   884 | D:2      | Reached XP level 3. HP: 28/29 MP: 2/2
  1372 | D:2      | Noticed Ijyb
  1386 | D:2      | Paralysed by Ijyb for 3 turns
  1410 | D:2      | Killed Ijyb
  1411 | D:2      | Reached skill level 1 in Armour
  1411 | D:2      | Reached skill level 5 in Unarmed Combat
  1411 | D:2      | Reached XP level 4. HP: 21/36 MP: 3/3
  1847 | D:3      | Found a faded altar of an unknown god.
  1961 | D:3      | Noticed Natasha
  1969 | D:3      | Killed Natasha
  2184 | D:3      | Reached XP level 5. HP: 38/41 MP: 4/4
  2287 | D:3      | Found a hide-covered altar of Uskayaw.
  2289 | D:3      | Noticed a +0 hand axe
  2289 | D:3      | Noticed a +0 hand axe
  2306 | D:3      | Found a sparkling altar of Nemelex Xobeh.
  2657 | D:4      | Reached skill level 6 in Unarmed Combat
  2714 | D:4      | Noticed Blork the orc
  2765 | D:4      | Killed Blork the orc
  2766 | D:4      | Reached XP level 6. HP: 7/48 MP: 5/5
  3360 | D:5      | Entered Level 5 of the Dungeon
  3492 | D:5      | Reached skill level 7 in Unarmed Combat
  3595 | D:5      | Reached XP level 7. HP: 53/55 MP: 6/6
  3857 | D:5      | Noticed Edmund
  4083 | D:6      | Noticed Maggie
  4124 | D:5      | Reached skill level 8 in Unarmed Combat
  4717 | D:5      | Slain by a water moccasin

Illustrated notes

Levels and vault maps discovered:
D:1:      shiori_arrival_maze, layout_basic
D:2:      kennysheep_the_goblin_king, layout_loops_corners,
          minmay_misc_feat_four_crosses
D:3:      layout_loops_ring, dancing_weapons_uskayaw, mainiacjoe_overflow_paths,
          shapermc_ecumenical_altar_starsandcircs, grunt_decor_junction,
          wad_orctagon, uniq_natasha
D:4:      nicolae_cairo_tiling_large_dashed, layout_rooms,
          general_overflow_altar, serial_glass, glass_columns_a,
          glass_columns_a, glass_columns_c, glass_columns_a, uniq_blork_the_orc
D:5:      layout_rooms, serial_co_window_serial, co_window_paths_b,
          co_window_of_opportunity_a, co_window_corner_a, co_window_corner_a,
          co_window_paths_b, co_window_paths_a, co_window_paths_a,
          co_window_paths_c, co_window_corner_b, co_window_corner_b,
          co_window_2corner, co_window_paths_c, co_window_unsneaky_path_c,
          co_window_of_opportunity_b, co_window_paths_d, uniq_edmund
D:6:      kb_forest_paths, layout_basic, uniq_maggie

Skill      XL: |  1  2  3  4  5  6  7 |
---------------+----------------------+-----
Unarmed Combat | 4 5 6 7 8 |  8.6
Armour         | 1 2 3 4 |  4.1
Fighting       | |  2.1
Throwing       | |  1.7
Dodging        | |  2.6

Action                   |  1- 3 |  4- 6 |  7- 9 || total
-------------------------+-------+-------+-------++-------
Melee: Unarmed           |    96 |   162 |    81 ||   339
       Punch             |     1 |     8 |       ||     9
Throw: Throwing net      |     3 |     1 |       ||     4
       Javelin           |     1 |       |       ||     1
Evoke: Wand              |       |       |     3 ||     3
  Use: Potion            |     3 |     2 |     1 ||     6
       Scroll            |       |     7 |       ||     7
Armor: Leather armour    |    22 |    36 |       ||    58
       Chain mail        |       |     1 |    51 ||    52
Dodge: Dodged            |    54 |    98 |    29 ||   181
Block: Buckler           |       |       |     9 ||     9

Table legend: (Time is in decaauts)
 A = Elapsed time spent in this place.
 B = Non-inter-level travel time spent in this place.
 C = Inter-level travel time spent in this place.
 D = Time resting spent in this place.
 E = Time spent auto-exploring this place.
 F = Levels seen in this place.
 G = Mean time per level.
                   A        B        C        D        E       F      G
               +--------+--------+--------+--------+--------+-----+--------+
         Total |   4681 |   4474 |    207 |    309 |   3181 |   6 |  780.2 |
       Dungeon |   4681 |   4474 |    207 |    309 |   3181 |   6 |  780.2 |
               +--------+--------+--------+--------+--------+-----+--------+

Top non-repeatable levels by time:
     D:5: 1246 daAuts
     D:3: 1074 daAuts
     D:2: 949 daAuts
     D:1: 809 daAuts
     D:4: 523 daAuts
     D:6: 78 daAuts
